 Dungeon Crawl Stone Soup version bcrawl-1.36.5b (console) character file.

Game seed: 5431346340916700473

201864 CuBeRJAN3 the Covered (level 9, -1/57 HPs)
             Began as a Gargoyle Fighter on Aug 24, 2022.
             Was an Initiate of Elyvilon.
             Slain by a wight
             ... wielding a +4 hand axe
              (5 damage)
             ... on level 7 of the Dungeon on Aug 30, 2022.
             The game lasted 00:33:29 (9221 turns).

CuBeRJAN3 the Covered (Gargoyle Fighter)            Turns: 9221, Time: 00:33:29

Health: -1/57      AC: 18    Str: 22    XL:     9   Next: 62%
Magic:  9/9        EV:  6    Int:  9    God:    Elyvilon [......]
Gold:   475        SH: 11    Dex: 10    Spells: 8/8 levels left

rFire    . . .     GDR:     37% a - +0 flail
rCold    . . .     SeeInvis .   c - +0 medium shield
rNeg     + . .     Gourm    .   k - +0 scale mail
rPois    ∞         Faith    .   y - +0 helmet
rElec    +         Spirit   .   (no cloak)
rCorr    .         Reflect  .   s - +0 pair of gloves
MR       .....                  A - +0 pair of boots
Stlth    ..........             (no amulet)
HPRegen  0.19/turn              (no ring)
MPRegen  0.11/turn              (no ring)

@: starving
A: negative energy resistance 1, electricity resistance, unbreathing,
petrification resistance, rot immunity, AC +6
a: Renounce Religion


You were on level 7 of the Dungeon.
You worshipped Elyvilon.
Elyvilon was noncommittal.
You were starving.

You visited 3 branches of the dungeon, and saw 10 of its levels.

You collected 475 gold pieces.

Inventory:

Hand Weapons
 a - a +0 flail (weapon)
 b - a +0 hunting sling
Missiles
 z - 766 sling bullets
 D - 130 poisoned tomahawks (quivered)
Armour
 c - a +0 medium shield (worn)
 k - a +0 scale mail (worn)
 s - a +0 pair of gloves (worn)
 y - a +0 helmet (worn)
 A - a +0 pair of boots (worn)
Jewellery
 t - a cursed ring of attention
 C - an uncursed ring of magical power
 J - an uncursed ring of see invisible {unknown}
Wands
 f - a wand of disintegration (8)
 i - a wand of scattershot (5)
 K - a wand of paralysis (1)
Scrolls
 g - a scroll of magic mapping {unknown}
 j - 2 scrolls of enchant weapon {unknown}
 l - 8 scrolls of teleportation
 m - 6 scrolls of remove curse
 q - 2 scrolls of amnesia {unknown}
 v - a scroll of blinking {unknown}
 F - a scroll of fog {unknown}
 H - a scroll of immolation {unknown}
 M - a scroll of enchant armour {unknown}
Potions
 d - 2 potions of might
 h - 2 potions of brilliance {unknown}
 n - 6 potions of haste
 o - a potion of degeneration {unknown}
 p - a potion of agility {unknown}
 r - 2 potions of curing {unknown}
 u - 2 potions of flight {unknown}
 w - a potion of lignification {unknown}
 x - 3 potions of heal wounds
 B - a potion of resistance {unknown}
 E - a potion of magic {unknown}
 G - a potion of berserk rage {unknown}
 I - a potion of ambrosia {unknown}
Comestibles
 e - 13 rations {!d}


   Skills:
 + Level 7.4 Fighting
 + Level 6.4 Maces & Flails
 + Level 3.4 Throwing
 + Level 7.4 Armour
 + Level 7.3 Shields


You had 8 spell levels left.
You didn't know any spells.
Your spell library contained the following spells:

 Spells                   Type           Power        Failure   Level  Hunger
 Apportation              Tloc           #.....       100%        1    None
 Corona                   Hex            #......      100%        1    None
 Infusion                 Chrm           #.......     100%        1    None
 Sandblast                Erth           #.....       100%        1    None
 Slow                     Hex            #.......     100%        1    None
 Summon Butterflies       Summ           #.......     100%        1    None
 Passwall                 Tmut/Erth      #.......     100%        2    ####...
 Stone Arrow              Conj/Erth      #.....       100%        3    #####..
 Petrify                  Tmut/Erth      #.........   100%        4    ######.
 Lee's Rapid Deconstruct  Erth           #.........   100%        5    #######


Dungeon Overview and Level Annotations

Branches:
Dungeon (8/12)             Temple (1/1) D:7            Lair (1/6) D:7
    Orc: D:8-11

Altars:
Ashenzari
Elyvilon
Fedhas
Gozag
Hepliaklqana
Kikubaaqudgha
Lugonu
Nemelex Xobeh
Qazlal
Sif Muna
Wu Jian
Xom
Zin

Shops:
D:4 (

Annotations:
D:2 Sigmund
D:6 1 runed translucent door, Morbidden's ghost, novice TrAc


Innate Abilities, Weirdness & Mutations

You are resistant to torment.
Your stone body is resilient. (AC +6)
You are immune to poison.
You resist negative energy. (rN+)
You are resistant to electric shocks. (rElec)
You can survive without breathing.
You are immune to petrification.
You are immune to rotting.


Message History

You block the wight's attack. x2; The wight barely misses you.
You block the wight's attack.
You hit the wight but do no damage.
The wight is heavily damaged.
You block the wight's attack.
The wight hits you but does no damage. x2; The wight hits you with a +4 hand axe!
* * * LOW HITPOINT WARNING * * *
You are starving!
You hit the wight.
The wight is severely damaged.
The wight barely misses you. x2; The wight hits you but does no damage. x2
You hit the wight.
The wight is severely damaged.
You block the wight's attack.
The wight hits you with a +3 short sword.
* * * LOW HITPOINT WARNING * * *
The wight hits you with a cursed +4 war axe of freezing!
* * * LOW HITPOINT WARNING * * *
The wight freezes you.
* * * LOW HITPOINT WARNING * * *
The wight hits you with a +4 hand axe.
You die...

........#.##..##.# #.
..##......###.##.# #..
..........###.##.# #.#
...........##....# #.#
.................##..#
.........(..........#
...................##
............####....###
.(##.........###......#
..#...........###z..###
...............z@z#.#
............#####z.##
....#.###...# #....## ####
.....#####..## #.....#######..###
....##.##....###.............[<..
....#...........#...............#
...#...>..#..##.##...#####..#####
.........###.##.....######.##
...####..###...#.)..##......#
..######..##...#...##...(...##
...##...#..##..#..##..####..[#


You could see 4 wights.

Vanquished Creatures
  Pikel (D:7)
  A hippogriff (D:7)
  A wyvern (D:6)
  A porcupine (D:7)
  A phantom (D:4)
  2 ogres
  2 bullfrogs
  Blork the orc (D:6)
  3 centaurs
  A scorpion (D:4)
  A wight (D:8)
  An orc priest (D:5)
  2 crimson imps
  2 hounds
  2 jellies
  An iguana (D:2)
  10 orc wizards
  A hell rat (D:7)
  5 worker ants
  A hound zombie (D:5)
  2 hound skeletons
  6 gnolls
  A river rat (D:7)
  7 adders
  2 shadow imps
  An adder zombie (D:6)
  5 worms
  4 dart slugs
  8 leopard geckos
  29 orcs
  A ball python (D:1)
  6 giant cockroaches
  8 goblins
  6 hobgoblins
  9 jackals
  7 quokkas
  7 bats
  5 frilled lizards
  14 kobolds
  8 rats
176 creatures vanquished.

Notes
Turn   | Place    | Note
-------+----------+-------------------------------------------
     0 | D:1      | CuBeRJAN3 the Gargoyle Fighter began the quest for the Orb.
     0 | D:1      | Reached XP level 1. HP: 14/14 MP: 1/1
   107 | D:1      | Reached XP level 2. HP: 13/19 MP: 2/2
   633 | D:1      | Reached XP level 3. HP: 24/24 MP: 3/3
  1424 | D:2      | Found a blossoming altar of Fedhas.
  1560 | D:2      | Reached XP level 4. HP: 29/29 MP: 4/4
  1833 | D:2      | Noticed Sigmund
  2262 | D:2      | Found a shimmering altar of Xom.
  2523 | D:3      | Reached XP level 5. HP: 23/33 MP: 5/5
  3091 | D:3      | Reached XP level 6. HP: 35/39 MP: 6/6
  3655 | D:4      | Found Jageqih's Weapon Shop.
  4115 | D:3      | Reached skill level 5 in Armour
  4258 | D:4      | Reached skill level 5 in Fighting
  4340 | D:4      | Reached skill level 5 in Shields
  4340 | D:4      | Reached XP level 7. HP: 31/44 MP: 7/7
  5268 | D:4      | Reached XP level 8. HP: 49/51 MP: 8/8
  5395 | D:5      | Entered Level 5 of the Dungeon
  5890 | D:5      | Reached skill level 5 in Maces & Flails
  6432 | D:6      | Found a runed translucent door.
  6432 | D:6      | Noticed Morbidden's ghost (novice TrAc)
  6500 | D:6      | Found a shimmering blue altar of Sif Muna.
  6769 | D:6      | Noticed Blork the orc
  6784 | D:6      | Killed Blork the orc
  6785 | D:6      | Reached skill level 1 in Throwing
  7817 | D:7      | Noticed a hippogriff
  7836 | D:7      | Killed a hippogriff
  7837 | D:7      | Reached XP level 9. HP: 38/56 MP: 9/9
  7916 | D:7      | Found a staircase to the Ecumenical Temple.
  8161 | D:7      | Noticed Pikel
  8163 | D:7      | Paralysed by Pikel for 3 turns
  8179 | D:7      | Paralysed by Pikel for 3 turns
  8410 | D:7      | Paralysed by Pikel for 3 turns
  8415 | D:7      | Killed Pikel
  8670 | D:7      | Found a staircase to the Lair.
  8670 | D:7      | Noticed a death yak
  8670 | D:7      | Noticed a death yak
  8797 | Temple   | Entered the Ecumenical Temple
  8866 | Temple   | Became a worshipper of Elyvilon the Healer
  8975 | D:7      | Noticed a death yak
  9087 | Lair:1   | Entered Level 1 of the Lair of Beasts
  9087 | Lair:1   | Noticed an eight-headed hydra
  9087 | Lair:1   | Noticed a komodo dragon
  9221 | D:7      | Slain by a wight

Skill      XL: |  1  2  3  4  5  6  7  8  9 |
---------------+----------------------------+-----
Fighting       | 4 5 6 7 |  7.4
Armour         | 4 5 6 7 |  7.4
Shields        | 4 5 6 7 |  7.3
Maces & Flails | 3 4 5 6 |  6.4
Throwing       | 2 3 |  3.4

Action                   |  1- 3 |  4- 6 |  7- 9 || total
-------------------------+-------+-------+-------++-------
Melee: Flail             |   135 |   268 |   340 ||   743
 Fire: Hunting sling     |       |     6 |    46 ||    52
Throw: Tomahawk          |       |       |    97 ||    97
  Use: Scroll            |       |     1 |     6 ||     7
       Potion            |       |       |     2 ||     2
  Eat: Chunk             |     7 |    17 |    23 ||    47
       Ration            |       |       |     2 ||     2
Armor: Scale mail        |    81 |   136 |   229 ||   446
Dodge: Dodged            |    22 |    52 |    79 ||   153
Block: Medium shield     |    77 |   136 |   163 ||   376
